 Dungeon Crawl Stone Soup version 0.28-a0-95-g65e1ffefe4 (webtiles) character file.

Game seed: 11756873477723116910

63 akrobin the Skirmisher (level 4, -5/38 HPs)
             Began as a Formicid Abyssal Knight on Aug 8, 2021.
             Was a Follower of Lugonu.
             Killed by divine providence
             ... invoked by a smoke demon
              (16 damage)
             ... on level 2 of the Abyss.
             The game lasted 00:01:09 (142 turns).

akrobin the Skirmisher (Formicid Abyssal Knight)     Turns: 142, Time: 00:01:10

Health: -5/38      AC:  6    Str: 17      XL:     4   Next: 31%
Magic:  5/5        EV:  9    Int: 11      God:    Lugonu [*.....]
Gold:   57         SH:  0    Dex: 10 (11) Spells: 3/3 levels left

rFire   . . .      SeeInvis +   a - +1 mace
rCold   . . .      Faith    .   (no shield)
rNeg    . . .      Spirit   .   c - +0 scale mail
rPois   .          Reflect  .   (helmet unavailable)
rElec   .          Harm     .   (no cloak)
rCorr   .          Rampage  .   (no gloves)
Will    .....                   (no boots)
Stlth   ..........              (no amulet)
HPRegen 0.12/turn               (no ring)
MPRegen 0.09/turn               (no ring)

@: no status effects
A: permanent stasis, dig shafts and tunnels, antennae 3, four strong arms
a: Dig, Shaft Self, Renounce Religion, Depart the Abyss


You were on level 2 of the Abyss.
You worshipped Lugonu.
Lugonu was aware of your devotion.
You visited 0 branches of the dungeon, and saw 0 of its levels.
You visited the Abyss 1 time.

You collected 57 gold pieces.

Inventory:

Hand Weapons
 a - a +1 mace (weapon)
Armour
 b - a +0 leather armour
 c - a +0 scale mail (worn)


   Skills:
 + Level 4.4 Fighting
 + Level 2.4 Maces & Flails
 + Level 2.7 Armour
 + Level 1.2 Dodging
 * Level 0.0 Stealth
 - Level 2.5 Invocations


You had 3 spell levels left.
You didn't know any spells.
Your spell library was empty.

Dungeon Overview and Level Annotations

Branches:
Dungeon (0/15)

Altars:


Innate Abilities, Weirdness & Mutations

You cannot be hasted, slowed, berserked, paralysed or teleported.
You can dig through walls and to a lower floor.
You have a pair of large antennae on your head. (SInv)
Your four strong arms can wield two-handed weapons with a shield.


Message History

The quasit barely misses you.
The quasit claws you but does no damage.
Unknown command.
Unknown command.
You aren't carrying any potions.
As you read the scroll labelled TARAIT GADODA, it crumbles to dust.
You speak a Word of immense power!
The quasit convulses!
You kill the quasit!
It was a scroll of holy word.
You feel your dexterity returning.
You have reached level 4!
You feel stronger.
The substance of the Abyss twists violently, and a gateway leading down appears!
There is a gateway leading deeper into the Abyss here.
You plunge deeper into the Abyss.
Beware, you cannot shaft yourself on this level.
Found a scale mail.
Found a corrupted altar of Lugonu.
You see here a +0 scale mail.
c - a +0 scale mail You start removing your armour.
You continue taking off your +0 leather armour. x4
You finish taking off your +0 leather armour.
You start putting on your armour.
You continue putting on your +0 scale mail. x5
You finish putting on your +0 scale mail.
There is a corrupted altar of Lugonu here.
Found 43 gold pieces.
You now have 57 gold pieces (gained 43).
There are no items here.
Found a gateway leading deeper into the Abyss.
Found a shortbow.
You extend your mandibles.
You dig through the rock wall.
You retract your mandibles.
A small abomination comes into view.
A smoke demon comes into view.
The smoke demon roars!
The smoke demon gestures at you. Something smites you!
You die...

## ... ..###.#
.#..#...#.#.# #.
....... ..# # .#
#....###.{ . .#
.###.#.#..###..#
...#
#...#..)..#.###.#.
.....##.#..#..#..##
.. #...........#..#
.#.# #.@...#.# #.X#.
# .
##....######..#.# .
#.........#x{##....#
.....#####.#.#.# #.#
.#... ####.# # ..
#3. #.###x.# . ..##
# .## ..# .. . .. ##
#


You could see a smoke demon.

Vanquished Creatures
  2 quasits (Abyss:1)
2 creatures vanquished.

Notes
Turn   | Place    | Note
-------+----------+-------------------------------------------
     0 | Abyss:1  | akrobin the Formicid Abyssal Knight began the quest for the
                  | Orb.
     0 | Abyss:1  | Reached XP level 1. HP: 18/18 MP: 2/2
    46 | Abyss:1  | Noticed a quasit
    60 | Abyss:1  | Noticed a quasit
    65 | Abyss:1  | Killed a quasit
    65 | Abyss:1  | Noticed a ynoxinul
    66 | Abyss:1  | Reached skill level 4 in Fighting
    66 | Abyss:1  | Reached skill level 1 in Dodging
    66 | Abyss:1  | Reached XP level 2. HP: 3/25 MP: 3/3
    66 | Abyss:1  | Reached XP level 3. HP: 3/30 MP: 4/4
    67 | Abyss:1  | HP: 1/30 [quasit (2)]
    70 | Abyss:1  | Reached XP level 4. HP: 2/38 MP: 5/5
    72 | Abyss:2  | Found a corrupted altar of Lugonu.
   125 | Abyss:2  | Noticed a large abomination
   134 | Abyss:2  | Noticed a small abomination
   141 | Abyss:2  | Noticed a smoke demon
   142 | Abyss:2  | Killed from afar by a smoke demon

Illustrated notes

Levels and vault maps discovered:
Abyss:2:  base: Temple, hangedman_abyss_or_decor_passed

Skill      XL: |  1 |
---------------+----+-----
Fighting       | 4 |  4.4
Dodging        | 1 |  1.2
Maces & Flails | |  2.4
Armour         | |  2.7
Invocations    | |  2.5

Action                   |  1- 3 |  4- 6 || total
-------------------------+-------+-------++-------
Melee: Mace              |    13 |       ||    13
 Abil: Dig               |     1 |     1 ||     2
  Use: Scroll            |     1 |       ||     1
Armor: Leather armour    |    21 |       ||    21
Dodge: Dodged            |    38 |       ||    38

Table legend: (Time is in decaauts)
 A = Elapsed time spent in this place.
 B = Non-inter-level travel time spent in this place.
 C = Inter-level travel time spent in this place.
 D = Time resting spent in this place.
 E = Time spent auto-exploring this place.
 F = Levels seen in this place.
 G = Mean time per level.
                   A        B        C        D        E       F      G
               +--------+--------+--------+--------+--------+-----+--------+
         Total |    146 |    146 |      0 |      0 |      0 |   2 |   73.0 |
         Abyss |    146 |    146 |      0 |      0 |      0 |   2 |   73.0 |
               +--------+--------+--------+--------+--------+-----+--------+

Top non-repeatable levels by time:
 Abyss:1: 76 daAuts
 Abyss:2: 69 daAuts
